 Dungeon Crawl Stone Soup version 0.18.1-8-gdd0e5ea (webtiles) character file.

513 Kenran the Slasher (level 7, 0/41 HPs)
             Began as a Gargoyle Berserker on May 21, 2016.
             Was a Priest of Trog.
             Slain by a worker ant (3 damage)
             ... on level 5 of the Dungeon.
             The game lasted 00:10:27 (3867 turns).

Kenran the Slasher (Gargoyle Berserker)             Turns: 3867, Time: 00:10:27

Health: 0/41       AC: 18    Str: 21    XL:     7   Next: 19%
Magic:  7/7        EV:  8    Int:  8    God:    Trog [***...]
Gold:   124        SH:  0    Dex: 10    Spells: 0 memorised, 6 levels left

rFire  . . .     SeeInvis .     a - +0 falchion
rCold  . . .     Gourm    .     k - +0 chain mail
rNeg   + . .     Faith    .     (no shield)
rPois  ∞         Spirit   .     (no helmet)
rElec  +         Dismiss  .     r - +0 cloak
rCorr  .         Reflect  .     (no gloves)
SustAt .         Harm     .     (no boots)
MR     .....                    (no amulet)
Stlth  ..........               (no ring)
                                b - +3 ring of protection

@: not resistant to hostile enchantments, extremely unstealthy
A: negative energy resistance 1, electricity resistance, unbreathing,
petrification resistance, rot immunity, AC +4
a: Berserk, Trog's Hand, Burn Spellbooks, Renounce Religion


You were on level 5 of the Dungeon.
You worshipped Trog.
Trog was most pleased with you.
You were not hungry.

You visited 1 branch of the dungeon, and saw 5 of its levels.

You collected 124 gold pieces.

Inventory:

Hand Weapons
 a - a +0 falchion (weapon)
Missiles
 e - 7 needles of sleeping
 j - 7 javelins (quivered)
 t - 7 curare-tipped needles
Armour
 k - a +0 chain mail (worn)
 r - a +0 cloak (worn)
Jewellery
 b - a +3 ring of protection (left hand)
Wands
 q - a wand of flame (26/48)
Scrolls
 d - a scroll of magic mapping
 g - a scroll of enchant weapon {unknown}
 h - 4 scrolls of blinking
 o - 3 scrolls of identify
 p - 2 scrolls of fog
 s - 2 scrolls of remove curse
Potions
 i - 4 potions of resistance
 l - a potion of heal wounds {unknown}
 n - 2 potions of flight {unknown}
Comestibles
 c - 5 bread rations
 f - 2 beef jerkies
 m - a meat ration
 u - 2 chunks of flesh


   Skills:
 + Level 3.2 Fighting
 - Level 7.0 Long Blades
 - Level 3.1 Armour
 - Level 1.5 Dodging


You had 6 spell levels left.
You didn't know any spells.

Dungeon Overview and Level Annotations

Branches:
Dungeon (5/15)
 Temple: D:4-7

Altars:
Ashenzari


Innate Abilities, Weirdness & Mutations

You are resistant to torment.
Your stone body is resilient (AC +4).
You are immune to poison.
You resist negative energy.
You are resistant to electric shocks.
You can survive without breathing.
You are immune to petrification.
You are immune to rotting.


Message History

* * * LOW HITPOINT WARNING * * *
You closely miss the worker ant.
The worker ant bites you but does no damage.
You hit the worker ant.
The worker ant is moderately wounded.
The worker ant bites you but does no damage.
Your chain mail prevents you from hitting the worker ant.
The worker ant is moderately wounded.
The worker ant bites you but does no damage.
You barely miss the worker ant.
The worker ant is moderately wounded.
The worker ant bites you.
* * * LOW HITPOINT WARNING * * *
You closely miss the worker ant.
The worker ant is moderately wounded.
The worker ant closely misses you. x2
You closely miss the worker ant.
The worker ant is moderately wounded.
The worker ant bites you.
You die...

#..# ##.#.......## #..#
#..#.......# #).#
##.###......# #..# #..#
#.....## #..# #.##
#.....# #..## ##.#
##...## #...# #.## ..##
##...# ##.# #....## #@##
#...a.# ##a####
#...Jg#####.#...##
.#.....#..........#
.....................#
......................#
......................#
.......................#
.......................#


You could see a worker ant.

Vanquished Creatures
  A scorpion (D:4)
  A giant frog zombie (D:4)
  A jelly (D:5)
  A hound (D:4)
  3 orc wizards
  A giant frog skeleton (D:4)
  An iguana (D:4)
  A worker ant (D:5)
  9 gnolls
  4 adders
  2 dart slugs
  2 giant geckos
  4 orcs
  6 bats
  5 giant cockroaches
  6 goblins
  6 hobgoblins
  9 jackals
  A quokka (D:4)
  3 giant newts
  6 kobolds
  A quokka zombie (D:5)
  8 rats
82 creatures vanquished.

Notes
Turn   | Place    | Note
--------------------------------------------------------------
     0 | D:1      | Kenran the Gargoyle Berserker began the quest for the Orb.
     0 | D:1      | Reached XP level 1. HP: 14/14 MP: 1/1
    58 | D:1      | Reached skill level 3 in Long Blades
   110 | D:1      | Reached XP level 2. HP: 12/19 MP: 2/2
   753 | D:1      | Reached ** piety under Trog
  1071 | D:2      | Reached XP level 3. HP: 23/23 MP: 3/3
  1250 | D:2      | Reached skill level 4 in Long Blades
  1767 | D:3      | Reached XP level 4. HP: 28/28 MP: 4/4
  2120 | D:3      | Reached skill level 5 in Long Blades
  2124 | D:3      | Reached XP level 5. HP: 26/32 MP: 5/5
  2286 | D:3      | Found a shattered altar of Ashenzari.
  2332 | D:3      | Reached *** piety under Trog
  2646 | D:4      | Reached XP level 6. HP: 29/37 MP: 6/6
  2773 | D:4      | Reached skill level 6 in Long Blades
  3772 | D:4      | ogre
  3773 | D:5      | Entered Level 5 of the Dungeon
  3805 | D:5      | Reached skill level 7 in Long Blades
  3805 | D:5      | Reached XP level 7. HP: 35/41 MP: 7/7
  3867 | D:5      | Slain by a worker ant

Skill      XL: |  1  2  3  4  5  6  7 |
---------------+----------------------+-----
Long Blades    | 3 4 5 7 |  7.0
Armour         | 3 |  3.1
Fighting       | |  3.2
Dodging        | |  1.5

Action                   |  1- 3 |  4- 6 |  7- 9 || total
-------------------------+-------+-------+-------++-------
Melee: Falchion          |   130 |   207 |    34 ||   371
  Use: Scroll            |     3 |     3 |       ||     6
       Potion            |     1 |       |       ||     1
  Eat: Chunk             |     3 |     5 |       ||     8
       Beef jerky        |       |     1 |       ||     1
Armor: Animal skin       |    35 |       |       ||    35
       Chain mail        |    28 |   162 |    20 ||   210
Dodge: Dodged            |   100 |    88 |    14 ||   202
